 Dungeon Crawl Stone Soup version 0.29-a0-520-gc852659d43 (webtiles) character file.

Game seed: 6482360132512100284

445 Pelinal the Ruffian (level 6, -5/55 HPs)
             Began as a Troll Warper on May 31, 2022.
             Was a Follower of Okawaru.
             Slain by a gnoll
             ... wielding a +0 halberd
             ... led by a gnoll sergeant
              (11 damage)
             ... on level 5 of the Dungeon.
             The game lasted 00:05:17 (3549 turns).

Pelinal the Ruffian (Troll Warper)                  Turns: 3549, Time: 00:05:17

Health: -5/55      AC:  8    Str: 20    XL:     6   Next: 72%
Magic:  13/15      EV:  9    Int: 11    God:    Okawaru [*.....]
Gold:   269        SH:  0    Dex:  9    Spells: 5/7 levels left

rFire   . . .      SeeInvis .     - Unarmed
rCold   . . .      Faith    .   (no shield)
rNeg    . . .      Spirit   .   a - +0 robe
rPois   .          Reflect  .   (helmet restricted)
rElec   .          Harm     .   (no cloak)
rCorr   .          Rampage  .   (gloves unavailable)
Will    .....                   (boots unavailable)
Stlth   +.........              (no amulet)
HPRegen 0.98/turn               j - ring of magical power
MPRegen 0.14/turn               p - +4 ring of protection

@: attractive, on blink cooldown
A: large, unfitting armour, claws 3, regeneration 1, shaggy fur 1, tough skin 1
a: Renounce Religion, Heroism


You were on level 5 of the Dungeon.
You worshipped Okawaru.
Okawaru was aware of your devotion.
You visited 1 branch of the dungeon, and saw 5 of its levels.

You collected 269 gold pieces.

Inventory:

Missiles
 c - 7 boomerangs of dispersal
 n - 4 poisoned darts
 q - 2 boomerangs
 u - 3 large rocks (quivered)
Armour
 a - a +0 robe (worn)
Jewellery
 j - a ring of magical power (left claw)
 p - a +4 ring of protection (right claw)
 t - a ring of protection from fire
Scrolls
 b - a scroll of blinking
 g - a scroll of amnesia {unknown}
 h - 10 scrolls of identify {unknown}
 k - a scroll of summoning {unknown}
 m - 2 scrolls of vulnerability {unknown}
 o - a scroll of enchant armour {unknown}
 r - 2 scrolls of magic mapping {unknown}
 v - 2 scrolls of teleportation {unknown}
 w - a scroll of silence {unknown}
Potions
 d - a potion of haste {unknown}
 e - a potion of brilliance {unknown}
 f - a potion of heal wounds {unknown}
 i - a potion of attraction
 l - a potion of magic {unknown}
 x - a potion of invisibility {unknown}


   Skills:
 - Level 1.5 Fighting
 + Level 2.0 Throwing
 - Level 1.9 Dodging
 - Level 5.2 Unarmed Combat
 - Level 1.2 Spellcasting
 + Level 3.7 Translocations
 + Level 1.5 Invocations


You had 5 spell levels left.
You knew the following spells:

 Your Spells              Type           Power      Damage    Failure   Level
a - Blink                 Tloc           16%        N/A       11%         2

Your spell library contained the following spells:

 Spells                   Type           Power      Damage    Failure   Level
 Gell's Gravitas          Tloc           8%         N/A       21%         3
 Lesser Beckoning         Tloc           8%         N/A       21%         3
 Teleport Other           Tloc           8%         N/A       21%         3
 Ensorcelled Hibernation  Hex/Ice        0%         N/A       43%         2
 Passwall                 Tmut/Erth      0%         N/A       43%         2
 Swiftness                Air            0%         N/A       67%         3
 Manifold Assault         Tloc           8%         N/A       88%         5
 Summon Forest            Summ/Tloc      Unusable   N/A       N/A         5
 Summon Mana Viper        Hex/Summ       Unusable   N/A       N/A         5
 Summon Cactus Giant      Summ           Unusable   N/A       N/A         6

Dungeon Overview and Level Annotations

Branches:
Dungeon (5/15)
 Temple: D:4-7

Altars:
Okawaru

Shops:
D:1 !

Annotations:
D:4 1 runed translucent door, Crazy Yiuf


Innate Abilities, Weirdness & Mutations

You are too large for most types of armour.
You have claws for hands.
Your natural rate of healing is unusually fast.
You are covered in fur. (AC +1)
You have tough skin. (AC +1)


Message History

The gnoll hits you from afar with a +0 spear.
* * * LOW HITPOINT WARNING * * *
The gnoll is attracted toward you. x2
Unknown command.
The gnoll hits you but does no damage. The gnoll is attracted toward you. x3
It was a potion of curing.
You feel better.
The gnoll hits you from afar with a +0 halberd.
The gnoll is attracted toward you. x2
Okay, then.
You claw the gnoll!
You kill the gnoll!
Okawaru accepts your kill. The gnoll hits you with a +0 halberd.
* * * LOW HITPOINT WARNING * * *
The gnoll is attracted toward you.
Unknown command.
You scratch the gnoll. Your claw misses the gnoll.
The gnoll is moderately wounded.
The gnoll hits you with a +0 halberd!
* * * LOW HITPOINT WARNING * * *
The gnoll closely misses you.
Unknown command.
You completely miss the gnoll.
The gnoll is moderately wounded.
The gnoll hits you but does no damage. The gnoll hits you with a +0 flail.
* * * LOW HITPOINT WARNING * * *
Unknown command.
You claw the gnoll!
You kill the gnoll!
Okawaru accepts your kill.
Your Throwing skill increases to level 2!
Unknown command.
Casting: Blink (safe; 11% risk of failure)
Confirm with . or Enter, or press ? or * to list all spells.
You blink.
The gnoll completely misses you.
Unknown command.
You claw the gnoll!
The gnoll is heavily wounded.
The gnoll hits you with a +0 halberd!
You die...

####### ......##
###.....#
........##########
##...g.go...)...#
#...o..#####)##.#
#......# ##.)g#.#
#.###.##
#..@)..#######. ) ..
##...#......... ...
##.##########. ####
#.# ### #.# ## #.#
#.. ... .# ##'## #.#
#.# .# ##...## #.#
#.# .# ##.....##
#.###.###.#
#..[....###.##....#.#


You could see a gnoll.

Vanquished Creatures
  A phantom (D:4)
  A scorpion (D:4)
  A gnoll sergeant (D:5)
  An orc priest (D:5)
  An orc wizard (D:5)
  7 gnolls (D:5)
  4 adders
  2 worms (D:2)
  3 dart slugs
  6 orcs
  4 ball pythons
  6 endoplasms
  8 giant cockroaches
  A goblin (D:3)
  4 hobgoblins
  6 jackals
  3 quokkas
  5 bats
  5 frilled lizards
  6 kobolds
  10 rats
85 creatures vanquished.

Notes
Turn   | Place    | Note
-------+----------+-------------------------------------------
     0 | D:1      | Pelinal the Troll Warper began the quest for the Orb.
     0 | D:1      | Reached XP level 1. HP: 19/19 MP: 1/1
   228 | D:1      | Reached XP level 2. HP: 27/27 MP: 2/2
   329 | D:1      | Found a faded altar of an unknown god.
   413 | D:1      | Found Tireebio's Distillery.
   425 | D:1      | Reached skill level 3 in Unarmed Combat
   619 | D:1      | Reached XP level 3. HP: 33/33 MP: 3/3
   964 | D:2      | Learned a level 2 spell: Blink
  1804 | D:3      | Reached XP level 4. HP: 41/41 MP: 4/4
  2269 | D:3      | Reached skill level 4 in Unarmed Combat
  2707 | D:4      | Found an iron altar of Okawaru.
  2720 | D:4      | Became a worshipper of Warmaster Okawaru
  2788 | D:4      | Noticed a phantom
  2814 | D:4      | Killed a phantom
  2815 | D:4      | Reached XP level 5. HP: 47/48 MP: 5/5
  2839 | D:4      | Reached skill level 5 in Unarmed Combat
  3023 | D:4      | Found a runed translucent door.
  3024 | D:4      | Noticed Crazy Yiuf
  3053 | D:4      | Reached * piety under Okawaru
  3328 | D:5      | Entered Level 5 of the Dungeon
  3394 | D:5      | Reached skill level 1 in Throwing
  3394 | D:5      | Reached XP level 6. HP: 55/55 MP: 6/6
  3507 | D:5      | Reached skill level 1 in Invocations
  3549 | D:5      | Slain by a gnoll

Illustrated notes

Levels and vault maps discovered:
D:1:      eino_arrival_tree_alley, layout_loops_ring, serial_shops,
          nicolae_shop_competitors_out_of_business,
          ebering_ecumenical_altar_rust, wander_ebering_terrifying_dragon_lair
D:2:      layout_basic, serial_corexii_hall, corexii_hall_statues_i,
          chequers_hall_statues_corner_a, corexii_hall_statues_t,
          chequers_hall_statues_corner_a
D:3:      layout_basic, minmay_misc_feat_encased, minmay_checkerbox
D:4:      layout_basic, okawaru_metal_pillars_1_2, minmay_misc_feat_chi,
          uniq_crazy_yiuf_cottage
D:5:      layout_loops_corners, riverfiend_overflow_shadow_ancestor,
          lemuel_tele_altar

Skill      XL: |  1  2  3  4  5  6 |
---------------+-------------------+-----
Unarmed Combat | 3 4 5 |  5.2
Translocations | 3 |  3.7
Throwing       | 1 2 |  2.0
Invocations    | 1 |  1.5
Fighting       | |  1.5
Dodging        | |  1.9
Spellcasting   | |  1.2

Action                   |  1- 3 |  4- 6 || total
-------------------------+-------+-------++-------
Melee: Unarmed           |   129 |   131 ||   260
       Punch             |     2 |     3 ||     5
Throw: Large rock        |       |     1 ||     1
 Cast: Blink             |       |     1 ||     1
  Use: Potion            |       |     2 ||     2
 Stab: Sleeping          |     2 |       ||     2
Armor: Robe              |    55 |    62 ||   117
Dodge: Dodged            |    64 |    52 ||   116

Table legend: (Time is in decaauts)
 A = Elapsed time spent in this place.
 B = Non-inter-level travel time spent in this place.
 C = Inter-level travel time spent in this place.
 D = Time resting spent in this place.
 E = Time spent auto-exploring this place.
 F = Levels seen in this place.
 G = Mean time per level.
                   A        B        C        D        E       F      G
               +--------+--------+--------+--------+--------+-----+--------+
         Total |   3530 |   3388 |    142 |      0 |   2743 |   5 |  706.0 |
       Dungeon |   3530 |   3388 |    142 |      0 |   2743 |   5 |  706.0 |
               +--------+--------+--------+--------+--------+-----+--------+

Top non-repeatable levels by time:
     D:2: 1052 daAuts
     D:3: 872 daAuts
     D:1: 715 daAuts
     D:4: 674 daAuts
     D:5: 216 daAuts
